 Dungeon Crawl Stone Soup version 0.20.0-8-g6b59dc7 (webtiles) character file.

69 zhorgal the Grave Robber (level 4, 0/25 HPs)
             Began as a Kobold Necromancer on May 31, 2017.
             Slain by a gnoll
             ... wielding a cursed +0 spear
              (3 damage)
             ... on level 2 of the Dungeon.
             The game lasted 00:15:15 (2536 turns).

zhorgal the Grave Robber (Kobold Necromancer)       Turns: 2536, Time: 00:15:15

Health: 0/25       AC:  4    Str:  5    XL:     4   Next: 42%
Magic:  2/7        EV: 16    Int: 17    God:
Gold:   26         SH:  0    Dex: 15    Spells: 5/7 levels left

rFire    . . .     SeeInvis .   g - +0 mace
rCold    . . .     Gourm    .   (shield restricted)
rNeg     . . .     Faith    .   a - +0 robe
rPois    .         Spirit   .   (no helmet)
rElec    .         Reflect  .   (no cloak)
rCorr    .         Harm     .   k - +0 pair of gloves
MR       .....                  h - +0 pair of boots
Stlth    ++........             (no amulet)
Regen    0.1/turn               (no ring)
MPRegen  0.1/turn               (no ring)

@: no status effects
A: carnivore 3
a: no special abilities


You were on level 2 of the Dungeon.
You were very full.

You visited 1 branch of the dungeon, and saw 2 of its levels.

You collected 26 gold pieces.

Inventory:

Hand Weapons
 g - a +0 mace (weapon)
Missiles
 e - 130 stones (quivered)
Armour
 a - a +0 robe (worn)
 h - a +0 pair of boots (worn)
 k - a +0 pair of gloves (worn)
Scrolls
 f - 2 scrolls of identify {unknown}
 i - a scroll of remove curse {unknown}
 j - 2 scrolls of teleportation {unknown}
 l - a scroll of recharging {unknown}
Potions
 d - a potion of curing {unknown}
Books
 b - a book of Necromancy

   Spells                             Type                      Level
   a - Pain                           Necromancy                   1
   b - Animate Skeleton               Necromancy                   1
   c - Vampiric Draining              Necromancy                   3
   d - Regeneration                   Charms/Necromancy            3
   e - Animate Dead                   Necromancy                   4
   f - Control Undead                 Necromancy                   4
Comestibles
 c - a meat ration


   Skills:
 + Level 1.0 Fighting
 + Level 3.0 Dodging
 - Level 2.8 Stealth
 + Level 2.3 Spellcasting
 + Level 5.1 Necromancy


You had 5 spell levels left.
You knew the following spells:

 Your Spells              Type           Power        Failure   Level  Hunger
a - Pain                  Necr           ###.         2%          1    #......
b - Animate Skeleton      Necr           N/A          2%          1    #......


Dungeon Overview and Level Annotations

Branches:
Dungeon (2/15)

Altars:


Innate Abilities, Weirdness & Mutations

You are small and have problems with some larger weapons.
You are carnivorous and can eat meat at any time.


Message History

Press: ? - help, Shift-Dir - straight line, f - gnoll
Aim: a gnoll, wielding a spear (chance to defeat MR: 84%)
The gnoll writhes in agony!
The gnoll completely misses you.
Casting: Pain
Confirm with . or Enter, or press ? or * to list all spells.
Aiming: Pain
Press: ? - help, Shift-Dir - straight line, f/p - gnoll
Aim: a gnoll, wielding a spear (moderately wounded, chance to defeat MR: 84%)
The gnoll barely resists.
The gnoll barely misses you.
Casting: Pain
Confirm with . or Enter, or press ? or * to list all spells.
Aiming: Pain
Press: ? - help, Shift-Dir - straight line, f/p - gnoll
Aim: a gnoll, wielding a spear (moderately wounded, chance to defeat MR: 84%)
The gnoll writhes in agony!
The gnoll hits you from afar with a spear!
* * * LOW HITPOINT WARNING * * *
There is a stone staircase leading up here.
The gnoll hits you from afar with a spear.
You die...

...
.............#g#.#.###
....
..#######.#.##.....#
................### .
.######.######### ...
#............... ...
#.#####.######## ..
#.# #.#####.###
.#.......#@#
.........#.#
.#######.#g# #.#.###
#.#...# #...#.#
###.#.# #.#.. #.####


You could see a gnoll.

Vanquished Creatures
  2 gnolls (D:2)
  An ooze (D:1)
  A worm (D:2)
  A dart slug (D:1)
  2 leopard geckos (D:1)
  A bat (D:1)
  A giant cockroach (D:1)
  4 goblins (D:1)
  5 hobgoblins (D:1)
  4 jackals (D:2)
  2 frilled lizards (D:1)
  7 kobolds (D:1)
  5 rats
36 creatures vanquished.

Vanquished Creatures (collateral kills)
  A hobgoblin (D:1)
1 creature vanquished.

Grand Total: 37 creatures vanquished

Notes
Turn   | Place    | Note
-------+----------+-------------------------------------------
     0 | D:1      | zhorgal the Kobold Necromancer began the quest for the Orb.
     0 | D:1      | Reached XP level 1. HP: 10/10 MP: 3/3
    58 | D:1      | Learned a level 1 spell: Animate Skeleton
   456 | D:1      | Reached XP level 2. HP: 9/15 MP: 0/5
   732 | D:1      | Reached XP level 3. HP: 9/19 MP: 0/6
  1646 | D:2      | Reached skill level 5 in Necromancy
  1894 | D:2      | Reached XP level 4. HP: 20/24 MP: 1/7
  2191 | D:2      | HP: 1/24 [gnoll/spear (8)]
  2523 | D:1      | Reached skill level 1 in Fighting
  2536 | D:2      | Slain by a gnoll

Skill      XL: |  1  2  3  4 |
---------------+-------------+-----
Necromancy     | 5 |  5.1
Dodging        | 3 |  3.0
Fighting       | 1 |  1.0
Stealth        | |  2.8
Spellcasting   | |  2.3

Action                   |  1- 3 |  4- 6 || total
-------------------------+-------+-------++-------
Melee: Mace              |     9 |     1 ||    10
 Cast: Pain              |    58 |    17 ||    75
       Animate Skeleton  |    14 |     1 ||    15
  Eat: Chunk             |    12 |     1 ||    13
Armor: Robe              |     5 |     1 ||     6
Dodge: Dodged            |    20 |     3 ||    23
